 Dungeon Crawl Stone Soup version 0.28.0-45-g0d030f2227 (webtiles) character file.

Game seed: 9815477684486477044

676 zeratav the Insei (level 7, -5/46 HPs)
             Began as an Octopode Transmuter on Apr 9, 2022.
             Was an Initiate of Ashenzari.
             Slain by a sky beast (6 damage)
             ... on level 5 of the Dungeon.
             The game lasted 00:08:23 (6331 turns).

zeratav the Insei (Octopode Transmuter)             Turns: 6331, Time: 00:08:24

Health: -5/46      AC:  1    Str:  9    XL:     7   Next: 60%
Magic:  10/10      EV: 14    Int: 16    God:    Ashenzari [......]
Gold:   104        SH:  0    Dex: 14    Spells: 9/10 levels left

rFire   . . .      SeeInvis .   o - +2 dagger (holy) {short}
rCold   . . .      Faith    .   (no shield)
rNeg    . . .      Spirit   .   (helmet restricted)
rPois   .          Reflect  .   (no amulet)
rElec   .          Harm     .   (no ring)
rCorr   .          Rampage  .   (no ring)
Will    .....                   (no ring)
Stlth   ++++......              (no ring)
HPRegen 0.15/turn               (no ring)
MPRegen 0.12/turn               (no ring)
                                (no ring)
                                (no ring)

@: no status effects
A: almost no armour, amphibious, 8 rings, camouflage 1, gelatinous body 1,
(nimble swimmer 1), tentacles
a: Renounce Religion


You were on level 5 of the Dungeon.
You worshipped Ashenzari.
Ashenzari was noncommittal.
You visited 2 branches of the dungeon, and saw 6 of its levels.
You also visited: Sewer.

You collected 104 gold pieces.


Innate Abilities, Weirdness & Mutations

You cannot wear most types of armour.
You are amphibious.
You can wear up to eight rings at the same time.
Your skin changes colour to match your surroundings (Stealth+).
Your rubbery body absorbs attacks. (AC +1, EV +1)
((You are camouflaged when in or above water. (Stealth+)))
You have tentacles for arms and can constrict up to eight enemies at once.


   Skills:
 + Level 3.5 Fighting
 + Level 4.0 Dodging
 + Level 4.8 Stealth
 * Level 5.9 Unarmed Combat
 - Level 2.0 Spellcasting
 - Level 2.0 Transmutations


You had 9 spell levels left.
You knew the following spells:

 Your Spells              Type           Power      Damage    Failure   Level
a - Beastly Appendage     Tmut           16%        N/A       9%          1

Your spell library contained the following spells:

 Spells                   Type           Power      Damage    Failure   Level
 Wereblood                Tmut           8%         N/A       14%         2
 Corpse Rot               Necr/Air       2%         N/A       30%         2
 Poisonous Vapours        Pois/Air       2%         N/A       30%         2
 Static Discharge         Conj/Air       1%         N/A       30%         2
 Spider Form              Tmut/Pois      4%         N/A       38%         3
 Ice Form                 Ice/Tmut       4%         N/A       80%         4
 Dispel Undead            Necr           1%         3d6       90%         4
 Sticky Flame             Conj/Fire      1%         2d3       90%         4

Inventory:

Hand Weapons
 o - a +2 dagger of holy wrath (weapon) {short}
   (You took it off a kobold brigand in a sewer)
Wands
 h - a wand of digging (4)
   (You found it on level 2 of the Dungeon)
Scrolls
 a - a scroll of magic mapping {unknown}
 b - 2 scrolls of amnesia {unknown}
 f - a scroll of immolation {unknown}
 i - a scroll of blinking {unknown}
 j - a scroll of enchant weapon {unknown}
 k - a scroll of fear {unknown}
 p - 3 scrolls of teleportation {unknown}
 r - 3 scrolls of vulnerability {unknown}
 s - 5 scrolls of identify {unknown}
 t - a scroll of noise {unknown}
 v - a scroll of fog {unknown}
 w - a scroll of acquirement {unknown}
Potions
 c - a potion of lignification {unknown}
 d - a potion of curing {@q1}
 e - a potion of degeneration {unknown}
 g - a potion of resistance
 l - 3 potions of heal wounds {@q2}
 m - a potion of might {unknown}
 n - a potion of magic {unknown}
 q - a potion of brilliance {unknown}
 u - a potion of attraction {unknown}

Dungeon Overview and Level Annotations

Branches:
Dungeon (5/15)             Temple (1/1) D:4           Sewer (visited)

Altars:
Ashenzari
Dithmenos
Elyvilon
Fedhas
Gozag
Makhleb
Okawaru
Qazlal
Sif Muna
Trog
Uskayaw
Xom
Yredelemnul
Zin

#.### ..... ###....
##..#.# . #...... #..#
.###..
.......#####.###.#....
.......#.^...#......#
.............<...>..##
........n............#
........h............#
######.@{≈.....(.....#
#...............#
#.............).#
#...............#
##.............##
##.....#.....##
#############


You could see a necrophage and a hound.


Message History

No target in view!
No target in view!
No target in view!
No target in view!
No target in view!
No target in view!
No target in view!
No target in view!
No target in view!
Your tentacle spike disappears.
Done exploring.
HP[+11]
Your hp is fully restored (46).
Done exploring.
One of your tentacles grows a vicious spike.
MP[-1]
You lost 1 mp, and now have 9/10 mp.
Your transformation is almost over.
Done exploring.
MP[+1]
Your mp is fully restored (10).
(D) Dungeon (T) Temple
Where to? (Enter - D:4, ? - help)
Your tentacle spike disappears.
There is a stone staircase leading down here.
You climb downwards.
Found an escape hatch in the ceiling.
There is a stone staircase leading up here.
A sky beast comes into view.
One of your tentacles grows a vicious spike.
MP[-1]
You lost 1 mp, and now have 9/10 mp.
Found an escape hatch in the floor.
A hound comes into view.
A necrophage comes into view.
The helpless sky beast fails to defend itself.
You puncture the sky beast!
Your tentacle spike misses the sky beast.
Your squeeze misses the sky beast. The sky beast barely misses you.
MP[+1]
Your mp is fully restored (10).
You closely miss the sky beast. You squeeze the sky beast.
The sky beast closely misses you.
You closely miss the sky beast.
Your tentacle spike misses the sky beast.
The hound barks!
The sky beast flickers out of sight!
Deactivating autopickup; reactivate with Ctrl-A.
Something hits you. Something shocks you.
HP[-9]
You take 9 damage, and now have 37/46 hp.
HP[+1]
Your transformation is almost over.
The hound stops to sniff the ground.
The hound bites you.
HP[-2]
You take 2 damage, and now have 36/46 hp.
You hit the hound but do no damage. You grab the hound.
You tentacle-slap the hound. You constrict the hound.
A sky beast appears from thin air!
Reactivating autopickup.
The hound barely misses you.
You hit the hound. You constrict the hound. The hound bites you.
The sky beast closely misses you. The hound bites you.
HP[-10]
You take 10 damage, and now have 26/46 hp.
MASSIVE DAMAGE!! (PAUSE)
You barely miss the hound.
You pierce the hound.
You constrict the hound. The sky beast hits you. The sky beast shocks you.
* * * LOW HITPOINT WARNING * * *
The hound completely misses you. The necrophage misses you.
HP[-7]
You take 7 damage, and now have 19/46 hp.
You miss the sky beast.
Your tentacle spike misses the sky beast.
Your squeeze misses the sky beast. You constrict the hound.
The hound barely misses you. The sky beast hits you.
* * * LOW HITPOINT WARNING * * *
The sky beast shocks you.
* * * LOW HITPOINT WARNING * * *
The necrophage misses you. The hound bites you.
* * * LOW HITPOINT WARNING * * *
HP[-10]
You take 10 damage, and now have 9/46 hp.
MASSIVE DAMAGE!! (PAUSE)
You miss the sky beast. Your squeeze misses the sky beast.
Your tentacle spike disappears.
You constrict the hound.
The sky beast flickers out of sight!
Deactivating autopickup; reactivate with Ctrl-A.
Something hits you but does no damage. The hound bites you.
* * * LOW HITPOINT WARNING * * *
The necrophage misses you.
HP[-4]
You take 4 damage, and now have 5/46 hp.
You release your grip on the hound.
The hound bites you.
* * * LOW HITPOINT WARNING * * *
Something hits you.
* * * LOW HITPOINT WARNING * * *
Something shocks you.
You die...

Skill      XL: |  1  2  3  4  5  6  7 |
---------------+----------------------+-----
Stealth        | 1 2 3 4 |  4.8
Fighting       | 2 3 |  3.5
Unarmed Combat | 4 5 |  5.9
Dodging        | 3 4 |  4.0
Spellcasting   | |  2.0
Transmutations | |  2.0

Action                   |  1- 3 |  4- 6 |  7- 9 || total
-------------------------+-------+-------+-------++-------
Melee: Unarmed           |    61 |    70 |       ||   131
       Constrict         |    19 |    39 |    12 ||    70
       Tentacles         |    11 |    29 |    18 ||    58
       Kick              |    13 |    43 |    19 ||    75
       Punch             |       |     5 |     3 ||     8
       Dagger            |       |    73 |    53 ||   126
 Cast: Beastly Appendage |    18 |    30 |     8 ||    56
  Use: Potion            |       |       |     3 ||     3
 Stab: Sleeping          |     5 |    11 |     1 ||    17
       Distracted        |       |     1 |       ||     1
Armor: Skin              |     7 |    13 |     3 ||    23
Dodge: Dodged            |    32 |    90 |    44 ||   166

Levels and vault maps discovered:
D:1:      lightli_arrival_statue_moat, layout_basic,
          hangedman_abyss_or_decor_stabs
D:2:      layout_basic
D:3:      layout_basic, cheibrodos_sewer_entry_sluice,
          wad_floor_pattern_untrapped, minivault_27
D:4:      layout_rooms, minmay_temple_entry_large_hall, mrwooster_statue_mirror
D:5:      layout_rooms, gammafunk_ghost_cemetery
Temple:   dpeg_chambers_temple

Notes
Turn   | Place    | Note
-------+----------+-------------------------------------------
     0 | D:1      | zeratav the Octopode Transmuter began the quest for the
                  | Orb.
     0 | D:1      | Reached XP level 1. HP: 13/13 MP: 3/3
     0 | D:1      | magus.rc [v1.9.6]
   378 | D:1      | Reached XP level 2. HP: 11/18 MP: 3/5
   505 | D:1      | Reached skill level 1 in Stealth
  1136 | D:2      | Reached XP level 3. HP: 23/23 MP: 4/6
  1456 | D:2      | Reached skill level 2 in Stealth
  1459 | D:2      | Reached XP level 4. HP: 29/29 MP: 5/7
  2147 | D:3      | Found a glowing drain.
  2163 | D:3      | Reached skill level 2 in Fighting
  2163 | D:3      | Reached skill level 4 in Unarmed Combat
  2171 | Sewer    | Entered a sewer
  2455 | Sewer    | Noticed a kobold brigand
  2652 | Sewer    | Killed a kobold brigand
  2653 | Sewer    | Reached skill level 3 in Dodging
  2653 | Sewer    | Reached skill level 3 in Stealth
  2653 | Sewer    | Reached XP level 5. HP: 26/35 MP: 6/8
  2931 | Sewer    | Noticed a kobold brigand
  2942 | Sewer    | Killed a kobold brigand
  2943 | Sewer    | Reached XP level 6. HP: 24/41 MP: 7/9
  3331 | D:3      | Reached skill level 5 in Unarmed Combat
  3718 | D:3      | You pick up a book of Touch and begin reading...
  3718 | D:3      | You add the spells Static Discharge, Sticky Flame and
                  | Dispel Undead to your library.
  3954 | D:3      | You pick up a book of Vapours and begin reading...
  3954 | D:3      | You add the spells Poisonous Vapours and Corpse Rot to your
                  | library.
  4394 | D:4      | Reached skill level 3 in Fighting
  4406 | D:3      | Reached skill level 4 in Stealth
  4829 | D:4      | HP: 9/42 [orc/+0 trident (2)]
  4830 | D:4      | Reached XP level 7. HP: 10/46 MP: 8/10
  4837 | D:4      | HP: 7/46 [hobgoblin (4)]
  4844 | D:4      | HP: 7/46 [constriction (1)]
  5454 | D:4      | Found a staircase to the Ecumenical Temple.
  5463 | Temple   | Entered the Ecumenical Temple
  5728 | Temple   | Became a worshipper of Ashenzari the Shackled
  5745 | D:4      | HP: 8/46 [poisoned by a scorpion]
  5746 | D:4      | Reached skill level 4 in Dodging
  5747 | D:4      | HP: 1/46 [poisoned by a scorpion]
  6307 | D:5      | Entered Level 5 of the Dungeon
  6329 | D:5      | HP: 10/46 [sky beast (5)]
  6331 | D:5      | HP: 4/46 [hound (1)]
  6331 | D:5      | HP: 1/46 [something (3)]
  6331 | D:5      | Slain by a sky beast

Vanquished Creatures
  A black bear (D:4)
  2 kobold brigands (Sewer)
  A scorpion (D:4)
  2 howler monkeys (D:4)
  A jelly (D:3)
  An iguana (D:4)
  An orc wizard (D:3)
  A hound skeleton (D:4)
  9 adders
  3 river rats
  2 ufetubi (D:4)
  An adder skeleton (D:4)
  2 worms (D:2)
  2 dart slugs
  9 orcs
  11 ball pythons
  6 endoplasms
  7 giant cockroaches
  8 hobgoblins
  11 kobolds
  2 quokkas
  5 bats
  5 frilled lizards
  6 goblins
  4 rats
103 creatures vanquished.

Table legend:
 A = Non-vault XP
 B = Vault XP
 C = Vault XP percentage of total XP
 D = Non-vault monster count
 E = Vault monster count
 F = Vault count percentage of total count
                 A         B        C        D         E       F
            +---------+---------+-------+---------+---------+-------
      Total |     661 |     306 |  31.6 |      77 |      26 |  25.2
            +---------+---------+-------+---------+---------+-------
        D:1 |      33 |       0 |   0.0 |      21 |       0 |   0.0
        D:2 |      72 |       0 |   0.0 |      16 |       0 |   0.0
        D:3 |     130 |      17 |  11.6 |      17 |       3 |  15.0
        D:4 |     426 |       0 |   0.0 |      23 |       0 |   0.0
      Sewer |       0 |     289 | 100.0 |       0 |      23 | 100.0
            +---------+---------+-------+---------+---------+-------

Illustrated notes

Table legend:
 A = Kills in this place as a percentage of kills in entire the game.
 B = Kills by you in this place as a percentage of kills by you in the entire game.
 C = Kills by friends in this place as a percentage of kills by friends in the entire game.
 D = Other kills in this place as a percentage of other kills in the entire game.
 E = Experience gained in this place as a percentage of experience gained in the entire game.
 F = Experience gained in this place divided by the number of levels of this place that you have seen.
                   A       B       C       D       E      F
               +-------+-------+-------+-------+-------+----------------------
         Total | 100.0 | 100.0 |   N/A |   N/A | 100.0 | 138.1
       Dungeon |  77.7 |  77.7 |   N/A |   N/A |  70.1 | 135.6
         Sewer |  22.3 |  22.3 |   N/A |   N/A |  29.9 | 289.0
               +-------+-------+-------+-------+-------+----------------------

Table legend: (Time is in decaauts)
 A = Elapsed time spent in this place.
 B = Non-inter-level travel time spent in this place.
 C = Inter-level travel time spent in this place.
 D = Time resting spent in this place.
 E = Time spent auto-exploring this place.
 F = Levels seen in this place.
 G = Mean time per level.
                   A        B        C        D        E       F      G
               +--------+--------+--------+--------+--------+-----+--------+
         Total |   6323 |   6153 |    170 |   1430 |   3906 |   7 |  903.3 |
       Dungeon |   4774 |   4638 |    136 |    963 |   3078 |   5 |  954.8 |
        Temple |    454 |    420 |     34 |    178 |    224 |   1 |  454.0 |
         Sewer |   1094 |   1094 |      0 |    289 |    604 |   1 | 1094.0 |
               +--------+--------+--------+--------+--------+-----+--------+

Top non-repeatable levels by time:
     D:3: 1775 daAuts
   Sewer: 1094 daAuts
     D:1: 1085 daAuts
     D:4: 1031 daAuts
     D:2: 858 daAuts
  Temple: 454 daAuts
     D:5: 23 daAuts
